AoeStats
← HAKUNA MATATA

Black Forest

508230026Analyzed
4v4 RM · 11d ago on Sep 21, 2026· 63m 14s· 8 players
Game mode
Random Map
Map size
Large (8 player)
Population
200
Speed
Normal
Resources
Standard
Victory
Conquest
Starting age
Dark Age
Ending age
Imperial Age
RankedLock teamsTeams togetherTeam positionsShared explorationLock speedFull tech treeHidden civsTurbo modeCheats
Victory
Defeat
🇨🇳 Persians · China
1296
+18
🇹🇷 Turks · Türkiye
1288
+18
🇨🇳 Magyars · China
1286
+19
🇻🇳 Lithuanians · Vietnam
1208
+22
🇹🇷 Dravidians · Türkiye
1394
-21
🇺🇸 Huns · United States
1350
-20
🇭🇰 Khmer · Hong Kong SAR China
1332
-19
🇦🇷 Franks · Argentina
1285
-17
Noobieski
0:28 Loom
12:00 Feudal Age
12:31 Double-Bit Axe
19:08 Castle Age
19:07 Horse Collar
29:01 Wheelbarrow
28:40 Bow Saw
28:31 Heavy Plow
29:45 Gold Mining
29:48 Stone Mining
33:20 Imperial Age
31:25 Husbandry
31:35 Bloodlines
31:30 Padded Archer Armor
31:20 Fletching
32:17 Thumb Ring
32:23 Treadmill Crane
32:32 Town Watch
33:04 Hand Cart
32:27 Light Cavalry
34:02 Scale Barding Armor
33:53 Bodkin Arrow
34:13 Leather Archer Armor
34:23 Ballistics
34:35 Masonry
35:04 Gold Shaft Mining
35:00 Conscription
35:42 Crop Rotation
36:14 Two-Man Saw
35:50 Corvinian Army
36:44 Chain Barding Armor
38:17 Heavy Cavalry Archer
40:04 Recurve Bow
40:06 Bracer
41:58 Ring Archer Armor
43:45 Chemistry
43:27 Parthian Tactics
47:19 Capped Ram
48:29 Caravan
AER发到手软
0:55 Loom
2:59 Loom
11:24 Feudal Age
12:29 Double-Bit Axe
17:11 Horse Collar
21:00 Castle Age
20:50 Gold Mining
20:50 Stone Mining
21:56 Bow Saw
22:57 Wheelbarrow
22:39 Fishing Lines
23:17 Gillnets
24:39 Town Watch
26:17 Hand Cart
26:03 Town Patrol
27:07 Town Patrol
28:56 Stone Shaft Mining
32:04 Imperial Age
31:09 Gold Shaft Mining
30:57 Forging
30:52 Scale Barding Armor
32:21 Bloodlines
32:11 Husbandry
32:55 Iron Casting
33:16 Conscription
33:46 Heavy Plow
34:48 Two-Man Saw
35:03 Blast Furnace
34:23 Chain Barding Armor
33:25 Elite War Elephant
38:19 Plate Barding Armor
38:37 Crop Rotation
38:11 Fletching
38:21 Padded Archer Armor
38:22 Scale Mail Armor
39:18 Ballistics
39:58 Chemistry
39:11 Citadels
39:38 Hoardings
38:34 Sappers
41:07 Murder Holes
41:22 Masonry
41:10 Bodkin Arrow
41:31 Leather Archer Armor
47:26 Ring Archer Armor
47:11 Chain Mail Armor
46:19 Light Cavalry
47:33 Hussar
49:35 Pikeman
50:01 Gambesons
50:16 Squires
50:02 Arson
54:34 Crossbowman
55:20 Thumb Ring
57:15 Heavy Camel Rider
59:19 Coinage
59:00 Guilds
58:50 Caravan
61:17 Plate Mail Armor
61:19 Banking
Sawyer
1:02 Loom
14:57 Feudal Age
19:26 Castle Age
17:56 Double-Bit Axe
17:54 Horse Collar
21:48 Bow Saw
27:01 Heavy Plow
27:02 Gold Mining
27:40 Scale Barding Armor
27:46 Forging
29:19 Wheelbarrow
29:55 Chain Barding Armor
33:06 Imperial Age
30:54 Hand Cart
30:56 Husbandry
31:06 Bloodlines
32:00 Caravan
32:38 Iron Casting
35:36 Blast Furnace
35:12 Plate Barding Armor
34:52 Elite Janissary
35:53 Conscription
36:20 Fortified Wall
36:20 Masonry
36:06 Murder Holes
36:33 Bombard Tower
37:51 Fletching
38:01 Padded Archer Armor
38:45 Gold Shaft Mining
38:01 Stone Mining
39:25 Two-Man Saw
42:15 Leather Archer Armor
41:56 Bodkin Arrow
54:55 Architecture
Enzo
2:50 Loom
11:00 Feudal Age
16:12 Castle Age
14:57 Double-Bit Axe
14:53 Horse Collar
17:12 Heavy Plow
17:51 Wheelbarrow
17:25 Fishing Lines
21:35 Gillnets
24:05 Hand Cart
26:11 Pikeman
27:47 Bow Saw
29:09 Gold Mining
29:10 Stone Mining
32:18 Imperial Age
31:38 Scale Mail Armor
31:59 Scale Barding Armor
32:29 Halberdier
33:15 Onager
35:02 Ballistics
35:43 Chemistry
35:05 Chain Mail Armor
36:12 Fortified Wall
37:03 Forging
39:54 Iron Casting
42:40 Chain Barding Armor
50:06 Two-Man Saw
Handsome Prince
1:31 Loom
16:20 Feudal Age
16:54 Double-Bit Axe
16:53 Fishing Lines
21:49 Castle Age
19:55 Horse Collar
21:04 Gold Mining
23:00 Bow Saw
22:53 Heavy Plow
24:15 Wheelbarrow
27:17 Gillnets
33:15 Imperial Age
31:06 Hand Cart
30:36 Town Watch
30:55 Fletching
31:06 Padded Archer Armor
31:29 Ballistics
32:14 Murder Holes
32:16 Bodkin Arrow
32:37 Leather Archer Armor
33:15 Gold Shaft Mining
32:32 Stone Mining
32:53 Thumb Ring
32:25 Pikeman
33:05 Squires
32:51 Arson
33:20 Heavy Cavalry Archer
34:53 Bracer
35:56 Chemistry
36:19 Two-Man Saw
36:04 Town Patrol
37:18 Parthian Tactics
39:13 Forging
39:03 Scale Mail Armor
43:07 Bloodlines
42:58 Husbandry
46:19 Sanctity
302
11:46 Feudal Age
15:23 Castle Age
13:38 Fishing Lines
13:49 Double-Bit Axe
16:28 Bow Saw
17:43 Horse Collar
22:40 Wheelbarrow
23:29 Loom
26:17 Imperial Age
23:53 Heavy Plow
24:16 Stone Mining
24:17 Gold Mining
27:03 Ballistics
27:27 Hand Cart
27:18 Heavy Scorpion
27:45 Town Watch
29:19 Double Crossbow
29:46 Conscription
30:42 Town Patrol
31:53 Caravan
32:23 Coinage
33:04 Chemistry
33:23 Caravan
33:54 Coinage
35:54 Banking
37:59 Siege Engineers
38:04 Masonry
38:26 Capped Ram
39:45 Gold Shaft Mining
39:45 Stone Shaft Mining
40:04 Siege Ram
49:41 Pikeman
50:06 Arson
50:22 Scale Mail Armor
50:32 Forging
50:13 Fletching
51:08 Elite Ballista Elephant
51:48 Tusk Swords
51:50 Padded Archer Armor
51:45 Bodkin Arrow
51:57 Scale Barding Armor
52:02 Forging
52:08 Chain Mail Armor
53:03 Leather Archer Armor
HAKUNA MATATA
4:34 Loom
11:26 Feudal Age
17:32 Castle Age
15:18 Double-Bit Axe
16:03 Horse Collar
18:13 Town Watch
24:51 Heavy Plow
25:11 Bow Saw
27:51 Gold Mining
27:58 Stone Mining
32:12 Imperial Age
30:18 Wheelbarrow
29:49 Pikeman
30:29 Squires
30:15 Arson
30:16 Gambesons
31:40 Hand Cart
33:55 Chemistry
32:21 Halberdier
33:52 Forging
33:42 Scale Mail Armor
35:33 Wootz Steel
35:33 Conscription
37:13 Chain Mail Armor
37:34 Iron Casting
38:42 Plate Mail Armor
39:03 Elite Elephant Archer
39:49 Thumb Ring
40:09 Padded Archer Armor
41:10 Blast Furnace
40:01 Fletching
40:34 Ballistics
41:43 Leather Archer Armor
41:25 Bodkin Arrow
43:59 Bracer
Bear
0:29 Loom
15:49 Feudal Age
17:20 Wheelbarrow
20:17 Castle Age
19:56 Double-Bit Axe
26:45 Fortified Wall
29:06 Hand Cart
32:47 Imperial Age
31:42 Forging
31:57 Husbandry
33:21 Scale Barding Armor
33:52 Iron Casting
32:56 Cavalier
34:32 Chain Barding Armor
35:38 Paladin
38:22 Blast Furnace
44:15 Plate Barding Armor
43:42 Padded Archer Armor
43:32 Fletching
43:52 Caravan
48:06 Bodkin Arrow
51:48 Scale Mail Armor
56:53 Pikeman
57:33 Squires
58:40 Light Cavalry
Connection lost

Rejoining the realm…

Still unreachable

The connection could not be restored.

Session expired

The server has moved on; the page needs a fresh start.